 Dungeon Crawl Stone Soup version 0.20-a0-1074-g6a0a8e1 (webtiles) character file.

28 JeffiDaFish the Magician (level 3, -1/20 HPs)
             Began as a Deep Elf Wizard on Apr 29, 2017.
             Slain by Natasha (5 damage)
             ... on level 2 of the Dungeon.
             The game lasted 00:05:44 (1353 turns).

JeffiDaFish the Magician (Deep Elf Wizard)          Turns: 1353, Time: 00:05:45

Health: -1/20      AC:  9    Str:  4    XL:     3   Next: 0%
Magic:  7/11       EV: 12    Int: 22    God:
Gold:   21         SH:  0    Dex: 14    Spells: 4/12 levels left

rFire    . . .     SeeInvis .   k - +0 short sword
rCold    . . .     Gourm    .   (no shield)
rNeg     . . .     Faith    .   h - +0 leather armour
rPois    .         Spirit   .   b - +0 hat
rElec    .         Reflect  .   (no cloak)
rCorr    .         Harm     .   (no gloves)
MR       +....                  (no boots)
Stlth    ++........             (no amulet)
Regen    0.1/turn               f - +6 ring of protection
MPRegen  0.2/turn               a - ring of protection from magic

@: no status effects
A: no striking features
a: no special abilities


You were on level 2 of the Dungeon.
You were hungry.

You visited 1 branch of the dungeon, and saw 2 of its levels.

You collected 21 gold pieces.

Inventory:

Hand Weapons
 k - a +0 short sword (weapon)
Armour
 b - a +0 hat (worn)
 h - a +0 leather armour (worn)
Jewellery
 a - a ring of protection from magic (right hand)
 f - a +6 ring of protection (left hand)
Scrolls
 i - a scroll of amnesia
Books
 c - a book of Minor Magic

   Spells                             Type                      Level
   a - Magic Dart                     Conjuration                  1
   b - Blink                          Translocation                2
   c - Call Imp                       Summoning                    2
   d - Slow                           Hexes                        2
   e - Conjure Flame                  Conjuration/Fire             3
   f - Mephitic Cloud                 Conjuration/Poison/Air       3
Comestibles
 d - 2 bread rations
 g - a royal jelly


   Skills:
 + Level 0.4 Fighting
 - Level 0.4 Armour
 * Level 2.6 Dodging
 + Level 2.6 Stealth
 * Level 5.1 Spellcasting
 * Level 1.4 Conjurations
 + Level 1.1 Summonings
 + Level 1.1 Translocations
 + Level 0.0 Air Magic
 + Level 0.0 Poison Magic


You had 4 spell levels left.
You knew the following spells:

 Your Spells              Type           Power        Failure   Level  Hunger
a - Magic Dart            Conj           ##..         10%         1    None
b - Call Imp              Summ           ##......     17%         2    None
c - Blink                 Tloc           N/A          17%         2    None
d - Mephitic Cloud        Conj/Pois/Air  #.......     41%         3    ##.....


Dungeon Overview and Level Annotations

Branches:
Dungeon (2/15)

Altars:

Annotations:
D:2 Natasha, Terence


Message History

Your crimson imp hits Natasha but does no damage.
You hit Natasha.
Natasha is moderately wounded.
Natasha claws you.
* * * LOW HITPOINT WARNING * * *
Your crimson imp closely misses Natasha.
Your crimson imp hits Natasha.
Your crimson imp closely misses Natasha.
Your crimson imp blinks!
Your crimson imp blinks!
Natasha claws you but does no damage.
Casting: Call Imp
Confirm with . or Enter, or press ? or * to list all spells.
Aiming: Magic Dart
Press: ? - help, Shift-Dir - straight line, f - Natasha
Aim: Natasha (moderately wounded)
The magic dart hits Natasha.
Natasha is moderately wounded.
Natasha claws you.
You die...

.$..... .......
....... .......
....... .......
####.#####ยง......
.......@h5..$....
.#...##.....##...
... ....#..## .
######.## ..# .##
. ..


You could see Natasha and a friendly crimson imp.

Vanquished Creatures
  2 giant cockroaches (D:1)
  4 hobgoblins (D:1)
  4 jackals (D:1)
  2 kobolds (D:1)
  A quokka (D:1)
  A ball python (D:1)
  2 bats (D:1)
  2 frilled lizards
  3 goblins (D:1)
21 creatures vanquished.

Vanquished Creatures (collateral kills)
  A bat (D:1)
  A giant cockroach (D:1)
  A hobgoblin (D:1)
  A kobold (D:1)
4 creatures vanquished.

Grand Total: 25 creatures vanquished

Notes
Turn   | Place    | Note
-------+----------+-------------------------------------------
     0 | D:1      | JeffiDaFish the Deep Elf Wizard began the quest for the Orb.
     0 | D:1      | Reached XP level 1. HP: 10/10 MP: 7/7
   428 | D:1      | Reached XP level 2. HP: 15/15 MP: 7/9
   564 | D:1      | Reached skill level 5 in Spellcasting
   657 | D:1      | Learned a level 2 spell: Call Imp
   660 | D:1      | Learned a level 2 spell: Blink
   962 | D:2      | Noticed Terence
  1027 | D:1      | Reached XP level 3. HP: 20/20 MP: 7/11
  1036 | D:1      | Learned a level 3 spell: Mephitic Cloud
  1343 | D:2      | Noticed Natasha
  1353 | D:2      | Slain by Natasha

Vault maps used:
D:1:      dpeg_arrival_renting, minmay_misc_feat_square
D:2:      chequers_big_river, minmay_tiny_reverse_x, uniq_natasha, uniq_terence

Skill      XL: |  1  2 |
---------------+-------+-----
Spellcasting   | 5 |  5.1
Fighting       | |  0.4
Armour         | |  0.4
Dodging        | |  2.6
Stealth        | |  2.6
Conjurations   | |  1.4
Summonings     | |  1.1
Translocations | |  1.1

Action                   || total
-------------------------++-------
Melee: Hand axe          ||    61
       Short sword       ||    32
 Cast: Magic Dart        ||    42
       Call Imp          ||     8
  Use: Scroll            ||     4
       Potion            ||     4
 Stab: Sleeping          ||     1
  Eat: Chunk             ||     1
Armor: Leather armour    ||    77
Dodge: Dodged            ||   120
